 Dungeon Crawl Stone Soup version 0.29-a0-380-gf50f0a9fbc (webtiles) character file.

Game seed: 8320810026439152818

9 ryw the Sneak (level 2, -12/24 HPs)
             Began as a Demonspawn Delver on May 6, 2022.
             Mangled by a two-headed ogre
             ... wielding a +0 giant spiked club
              (18 damage)
             ... on level 6 of the Dungeon.
             The game lasted 00:01:41 (439 turns).

ryw the Sneak (Demonspawn Delver)                    Turns: 439, Time: 00:01:42

Health: -12/24     AC:  5    Str: 12    XL:     2   Next: 3%
Magic:  2/2        EV: 12    Int: 11    God:
Gold:   0          SH:  0    Dex: 14    Spells: 1/1 levels left

rFire   . . .      SeeInvis .   g - +2 dagger (venom)
rCold   . . .      Faith    .   (no shield)
rNeg    . . .      Spirit   .   a - +0 leather armour
rPois   .          Reflect  .   (no helmet)
rElec   .          Harm     .   (no cloak)
rCorr   .          Rampage  .   (no gloves)
Will    .....                   (no boots)
Stlth   +++.......              (no amulet)
HPRegen 0.08/turn               (no ring)
MPRegen 0.08/turn               (no ring)

@: no status effects
A: yellow scales 1
a: no special abilities


You were on level 6 of the Dungeon.
You visited 1 branch of the dungeon, and saw 4 of its levels.

Inventory:

Hand Weapons
 g - a +2 dagger of venom (weapon)
Armour
 a - a +0 leather armour (worn)
Wands
 f - a wand of digging (3)
Scrolls
 b - a scroll of fog
 c - a scroll of magic mapping
 d - a scroll of fear
Potions
 e - a potion of haste
 h - a potion of flight {unknown}


   Skills:
 + Level 3.1 Fighting
 + Level 2.0 Dodging
 + Level 4.6 Stealth
 + Level 2.0 Unarmed Combat


You had one spell level left.
You didn't know any spells.
Your spell library was empty.

Dungeon Overview and Level Annotations

Branches:
Dungeon (8/15)
 Temple: D:4-7         Lair: D:8-11

Altars:
Vehumet

Annotations:
D:7 Pikel


Innate Abilities, Weirdness & Mutations

You are partially covered in yellow scales. (AC +2)


Message History

The kobold brigand throws a poisoned dart.
The poisoned dart barely misses you.
A lemure comes into view.
Pikel and a lemure come into view.
Pikel is wielding a +2 whip of flaming.
The lemure shouts!
Pikel shouts!
You hear a shout!
Pikel says, "Hell isn't that bad."
You hear a shout!
A lemure comes into view.
The lemure shouts!
A lemure comes into view.
The lemure moves out of view.
The kobold throws a stone.
The stone closely misses you.
Found a stone staircase leading up.
Found 14 gold pieces.
A kobold comes into view. It is wielding a +0 dagger.
The kobold throws a stone.
The stone closely misses you.
A kobold comes into view. It is wielding a +0 short sword.
The kobold throws a stone.
The stone closely misses you.
There is a stone staircase leading up here.
You climb upwards.
There is a stone staircase leading down here.
You open the door.
There is an open door here.
A two-headed ogre comes into view.
It is wielding a +0 giant spiked club and a +0 dire flail.
Found a scroll labelled SIUBIA HIOL.
The helpless two-headed ogre fails to defend itself.
You puncture the two-headed ogre!
The two-headed ogre looks as sick as possible!
The two-headed ogre is moderately wounded.
The two-headed ogre hits you with a +0 giant spiked club!!
Ouch! That really hurt!
* * * LOW HITPOINT WARNING * * *
The two-headed ogre misses you.
You hit the two-headed ogre.
The two-headed ogre looks as sick as possible!
The two-headed ogre is heavily wounded.
The two-headed ogre attacks as you move away!
The two-headed ogre hits you with a +0 giant spiked club!!
Ouch! That really hurt!
You die...

####.#.#
#....#.#
#....#..
#....###
#....# #....#
#....#
####....#..
#.@'........
#O##....#..#
#..?.....#.#..
#....###.# . .
#....# .# .
##+#.. .# #.#.
.### ..


You could see a two-headed ogre (extremely poisoned).

Vanquished Creatures
  An adder (D:5)
1 creature vanquished.

Notes
Turn   | Place    | Note
-------+----------+-------------------------------------------
     0 | D:5      | ryw the Demonspawn Delver began the quest for the Orb.
     0 | D:5      | Reached XP level 1. HP: 18/18 MP: 1/1
    42 | D:5      | Gained mutation: You are partially covered in yellow
                  | scales. (AC +2) [demonic ancestry]
    42 | D:5      | Reached XP level 2. HP: 11/24 MP: 2/2
   332 | D:5      | Found a radiant altar of Vehumet.
   338 | D:5      | Noticed a phantom
   388 | D:5      | Noticed a scorpion
   391 | D:5      | You fall into a shaft and drop 3 floors!
   399 | D:7      | Noticed a kobold brigand
   407 | D:7      | Noticed a lemure
   408 | D:7      | Noticed Pikel
   408 | D:7      | Noticed a lemure
   409 | D:7      | Noticed a lemure
   409 | D:7      | Noticed a lemure
   434 | D:6      | Noticed a two-headed ogre
   439 | D:6      | Mangled by a two-headed ogre

Illustrated notes

Levels and vault maps discovered:
D:5:      layout_basic, amcnicky_altar_gilded, ebering_ghost_sewer_d,
          st_stairs_8
D:6:      layout_basic, minmay_temple_entry_crystal_x
D:7:      layout_rooms, gammafunk_ghost_gnarly_gnolls,
          kennysheep_cross_bottleneck, uniq_pikel
D:8:      layout_gridville, fedhas_altar_2, mainiacjoe_overflow_chevrons,
          uniq_maggie

Skill      XL: |  1 |
---------------+----+-----
Dodging        | 2 |  2.0
Unarmed Combat | 2 |  2.0
Fighting       | |  3.1
Stealth        | |  4.6

Action                   || total
-------------------------++-------
Melee: Dagger            ||    11
 Stab: Sleeping          ||     1
Armor: Leather armour    ||     3
Dodge: Dodged            ||    12

Table legend: (Time is in decaauts)
 A = Elapsed time spent in this place.
 B = Non-inter-level travel time spent in this place.
 C = Inter-level travel time spent in this place.
 D = Time resting spent in this place.
 E = Time spent auto-exploring this place.
 F = Levels seen in this place.
 G = Mean time per level.
                   A        B        C        D        E       F      G
               +--------+--------+--------+--------+--------+-----+--------+
         Total |    437 |    437 |      0 |    221 |     10 |   4 |  109.2 |
       Dungeon |    437 |    437 |      0 |    221 |     10 |   4 |  109.2 |
               +--------+--------+--------+--------+--------+-----+--------+

Top non-repeatable levels by time:
     D:5: 390 daAuts
     D:7: 19 daAuts
     D:6: 19 daAuts
     D:8: 7 daAuts
